 Dungeon Crawl Stone Soup version 0.23-b1-3-gdda8187c6f (webtiles) character file.

Game seed: 13871450474468429367

507 H0rd4k the Charlatan (level 7, -1/51 HPs)
             Began as a Human Artificer on Feb 1, 2019.
             Slain by Grinder (6 damage)
             ... on level 3 of the Dungeon.
             The game lasted 00:07:38 (3219 turns).

H0rd4k the Charlatan (Human Artificer)              Turns: 3219, Time: 00:07:39

Health: -1/51      AC:  3    Str: 13    XL:     7   Next: 42%
Magic:  10/10      EV: 13    Int: 12    God:
Gold:   89         SH:  0    Dex: 14    Spells: 6/6 levels left

rFire    . . .     SeeInvis .   n - +0 dagger (venom)
rCold    . . .     Gourm    .   (no shield)
rNeg     . . .     Faith    .   b - +0 leather armour
rPois    .         Spirit   .   (no helmet)
rElec    .         Reflect  .   (no cloak)
rCorr    .         Harm     .   (no gloves)
MR       .....                  (no boots)
Stlth    ++........             (no amulet)
HPRegen  0.17/turn              (no ring)
MPRegen  0.12/turn              (no ring)

@: no status effects
A: no striking features
a: no special abilities


You were on level 3 of the Dungeon.
You were hungry.

You visited 1 branch of the dungeon, and saw 4 of its levels.

You collected 89 gold pieces.

Inventory:

Hand Weapons
 a - a +0 short sword
 n - a +0 dagger of venom (weapon)
Missiles
 o - 21 arrows
Armour
 b - a +0 leather armour (worn)
 m - a +0 pair of boots
 r - a +0 pair of boots
Wands
 c - a wand of flame (1)
 d - a wand of enslavement (15)
 e - a wand of random effects (1)
Scrolls
 g - 3 scrolls of remove curse {unknown}
 h - 2 scrolls of noise {unknown}
 j - 6 scrolls of identify {unknown}
 l - 3 scrolls of teleportation {unknown}
 p - 2 scrolls of amnesia {unknown}
 q - a scroll of enchant armour {unknown}
 t - a scroll of fear {unknown}
Potions
 i - a potion of invisibility {unknown}
 k - 2 potions of lignification {unknown}
 s - a potion of heal wounds {unknown}
Comestibles
 f - 5 rations


   Skills:
 + Level 2.6 Fighting
 + Level 3.7 Short Blades
 + Level 2.8 Armour
 + Level 3.4 Dodging
 + Level 2.6 Stealth
 + Level 4.1 Evocations


You had 6 spell levels left.
You didn't know any spells.
Your spell library was empty.

Dungeon Overview and Level Annotations

Branches:
Dungeon (4/15)
 Temple: D:4-7

Altars:
Elyvilon
Makhleb

Annotations:
D:3 Grinder
D:4 exclusions: phantom and upstairs


Message History

Grinder is moderately wounded.
Grinder barely misses you. The goblin misses you.
You hit Grinder.
Grinder looks as sick as possible!
Grinder is moderately wounded.
Grinder hits you.
You writhe in agony.
* * * LOW HITPOINT WARNING * * *
The goblin hits you with a +3 dagger.
* * * LOW HITPOINT WARNING * * *
Grinder says, "What is the universe for?"
Evoke which item? (* to show all) (? for menu, Esc to quit)
Aiming: Random Effects
Press: ? - help, Shift-Dir - straight line, f/p - Grinder
Aim: Grinder (heavily wounded, poisoned)
The bolt of negative energy hits Grinder.
Grinder completely resists.
Grinder is heavily wounded.
Grinder hits you.
* * * LOW HITPOINT WARNING * * *
You writhe in agony.
You die...

# ##..#..#..#####.# #.#
#...#..)..#.....# #.#
#...####..#.##### #.#
###...........# #.#
............##.# #.#
#.#######.####.# #.# #
#....[.# #.#
######g########
#.#######
#.5@.....###.#...#..
########.##.###.###(
#.# #.##..#...#.. #.#
#.#.#...#...# #.#
#######..###)###.## #.#
#.........#...#...# #.#
#.#####.#.).#...#.. #.#
####.# ####.###.###.
#.#
##.##.#####.#...#...#..


You could see Grinder and a goblin.

Vanquished Creatures
  A yak (D:4)
  Blork the orc (D:4)
  An orc priest (D:3)
  A hound (D:4)
  Natasha (thrice) (D:2)
  A worker ant (D:4)
  Robin (D:2)
  5 adders
  2 worms (D:2)
  A dart slug (D:1)
  2 leopard geckos (D:3)
  5 orcs
  A giant cockroach (D:2)
  12 goblins
  16 hobgoblins
  2 jackals (D:1)
  3 quokkas
  7 bats
  5 frilled lizards
  A jackal skeleton (D:4)
  8 kobolds
  7 rats
86 creatures vanquished.

Notes
Turn   | Place    | Note
-------+----------+-------------------------------------------
     0 | D:1      | H0rd4k the Human Artificer began the quest for the Orb.
     0 | D:1      | Reached XP level 1. HP: 15/15 MP: 3/3
    29 | D:1      | Reached XP level 2. HP: 17/21 MP: 4/4
   570 | D:1      | Reached XP level 3. HP: 24/26 MP: 5/5
   698 | D:2      | Noticed Natasha
   710 | D:2      | Killed Natasha
   710 | D:2      | Reached XP level 4. HP: 8/32 MP: 6/6
   713 | D:2      | HP: 1/32 [adder (1)]
  1054 | D:2      | Reached skill level 1 in Armour
  1291 | D:2      | Noticed Natasha
  1308 | D:2      | Killed Natasha
  1308 | D:2      | Reached XP level 5. HP: 37/37 MP: 7/7
  1357 | D:2      | Found a burning altar of Makhleb.
  1359 | D:2      | Noticed a green death
  1363 | D:2      | Noticed a neqoxec
  1363 | D:2      | Noticed a smoke demon
  1394 | D:2      | Noticed Natasha
  1449 | D:2      | Killed Natasha
  1450 | D:2      | Noticed Robin
  1870 | D:3      | Reached skill level 4 in Evocations
  1988 | D:3      | Noticed Grinder
  2017 | D:4      | Reached XP level 6. HP: 41/44 MP: 9/9
  2066 | D:4      | Found a white marble altar of Elyvilon.
  2076 | D:4      | Noticed a phantom
  2087 | D:4      | Noticed a yak
  2087 | D:4      | Noticed a yak
  2087 | D:4      | Noticed a yak
  2088 | D:4      | Noticed a yak
  2118 | D:4      | Killed a yak
  2118 | D:4      | Reached XP level 7. HP: 3/50 MP: 10/10
  2420 | D:4      | Noticed a yak
  2441 | D:4      | Noticed Blork the orc
  2443 | D:4      | Killed Blork the orc
  2545 | D:2      | Killed Robin
  3202 | D:3      | Paralysed by Grinder for 3 turns
  3207 | D:3      | Paralysed by Grinder for 3 turns
  3219 | D:3      | Slain by Grinder

Skill      XL: |  1  2  3  4  5  6 |
---------------+-------------------+-----
Short Blades   | 2 3 |  3.7
Armour         | 1 2 |  2.8
Evocations     | 4 |  4.1
Fighting       | 2 |  2.6
Dodging        | 3 |  3.4
Stealth        | 2 |  2.6

Action                   |  1- 3 |  4- 6 |  7- 9 || total
-------------------------+-------+-------+-------++-------
Melee: Short sword       |    60 |       |       ||    60
       Dagger            |    14 |   132 |    80 ||   226
Evoke: Wand              |       |    21 |     7 ||    28
 Stab: Sleeping          |     1 |     1 |     2 ||     4
       Distracted        |     1 |       |     1 ||     2
  Eat: Chunk             |       |     4 |     3 ||     7
Armor: Leather armour    |    22 |    40 |    12 ||    74
Dodge: Dodged            |    30 |   121 |    48 ||   199
